[ PARTIDA AOE2 · #479111400 ]
UnrankedWu vs Malians
[ ANÁLISIS DE REPETICIÓN · EXTRAÍDO DE LA PARTIDA GRABADA ]
Feudal
13:33
Castillos
17:10
Imperial
38:57
| APM promedio | 62.3 |
| APM pico | 104 |
| eAPM promedio | 29.6 |
| Aldeanos / militares | 276 / 540 |
Foco
⚔️ 45.6% · 🌾 54.4%
Unknown (1944) ×370 · Spearman ×150 · Scout Cavalry ×150 · Archer ×115 · Cavalry Archer ×71 · Skirmisher ×54
Feudal
11:26
Castillos
27:37
Imperial
39:08
| APM promedio | 47.0 |
| APM pico | 99 |
| eAPM promedio | 30.0 |
| Aldeanos / militares | 202 / 460 |
Foco
⚔️ 39.1% · 🌾 60.9%
Hand Cannoneer ×204 · Skirmisher ×110 · Scout Cavalry ×80 · Bombard Cannon ×37 · Trade Cart ×11 · Scorpion ×10
Feudal
12:55
Castillos
16:26
Imperial
36:52
| APM promedio | 37.0 |
| APM pico | 75 |
| eAPM promedio | 21.9 |
| Aldeanos / militares | 214 / 541 |
Foco
⚔️ 40.2% · 🌾 59.8%
Scout Cavalry ×213 · Konnik ×203 · Militia ×55 · Knight ×44 · Spearman ×19 · Trade Cart ×13
Feudal
11:40
Castillos
25:21
Imperial
36:30
| APM promedio | 57.2 |
| APM pico | 122 |
| eAPM promedio | 31.8 |
| Aldeanos / militares | 197 / 459 |
Foco
⚔️ 49.3% · 🌾 50.7%
Archer ×247 · Spearman ×143 · Skirmisher ×43 · Trebuchet (Packed) ×12 · Battering Ram ×11 · Mangonel ×2
Mapa de la partida
Recursos iniciales + cada clic de construcción. Líneas = muros · curvas = relieve. ◆ oro · ⬟ piedra · ● bayas · ✦ reliquia · ◌ hueco del cierre
Tu base· Abierta — hueco de 3t
Base de [BÜN] Schmirgel· Abierta — flanco sin cerrar
Base de [BÜN] Nehekbo· Abierta — hueco de 5t
Base de Agressive· Abierta — hueco de 7t
Terreno inicial suavizado · ◌ = hueco del cierre detectado · pasá el cursor para detalles
Inputs por minuto
— FOFOCA - - [BÜN] Schmirgel
Build order — FOFOCA
Primeras 150 de 1006 acciones detectadas
| 0:41 | Construir | Town Center |
| 2:26 | Construir | House |
| 3:03 | Crear | Villager (Male) |
| 3:03 | Crear | Villager (Male) |
| 3:03 | Crear | Villager (Male) |
| 3:06 | Crear | Villager (Male) |
| 3:06 | Crear | Villager (Male) |
| 3:14 | Construir | House |
| 3:29 | Construir | House |
| 3:45 | Construir | House |
| 3:54 | Crear | Villager (Male) |
| 4:34 | Crear | Villager (Male) |
| 4:50 | Crear | Villager (Male) |
| 4:50 | Crear | Villager (Male) |
| 5:15 | Construir | Lumber Camp |
| 5:22 | Construir | House |
| 5:32 | Construir | House |
| 5:36 | Construir | House |
| 5:51 | Crear | Villager (Male) |
| 5:51 | Crear | Villager (Male) |
| 5:52 | Crear | Villager (Male) |
| 6:15 | Crear | Villager (Male) |
| 6:15 | Crear | Villager (Male) |
| 6:53 | Construir | House |
| 7:03 | Crear | Villager (Male) |
| 7:03 | Crear | Villager (Male) |
| 7:03 | Crear | Villager (Male) |
| 7:03 | Crear | Villager (Male) |
| 7:18 | Crear | Villager (Male) |
| 7:18 | Crear | Villager (Male) |
| 7:18 | Crear | Villager (Male) |
| 7:48 | Construir | Mill |
| 8:04 | Crear | Villager (Male) |
| 8:04 | Crear | Villager (Male) |
| 8:04 | Crear | Villager (Male) |
| 8:04 | Crear | Villager (Male) |
| 8:22 | Crear | Villager (Male) |
| 8:22 | Crear | Villager (Male) |
| 8:22 | Crear | Villager (Male) |
| 9:01 | Construir | House |
| 9:35 | Crear | Villager (Male) |
| 10:02 | Construir | House |
| 10:13 | Crear | Villager (Male) |
| 10:13 | Crear | Villager (Male) |
| 10:13 | Crear | Villager (Male) |
| 10:14 | Crear | Villager (Male) |
| 10:14 | Crear | Villager (Male) |
| 10:14 | Crear | Villager (Male) |
| 10:48 | Construir | Mining Camp |
| 11:10 | Investigar | Feudal Age |
| 12:10 | Crear | Villager (Male) |
| 12:30 | Construir | Barracks |
| 13:13 | Crear | Villager (Male) |
| 13:33 | Edad | Edad Feudal |
| 13:35 | Crear | Villager (Male) |
| 13:40 | Construir | Archery Range |
| 13:56 | Construir | Blacksmith |
| 14:30 | Investigar | Castle Age |
| 14:30 | Investigar | Castle Age |
| 14:41 | Investigar | Double-Bit Axe |
| 14:41 | Investigar | Double-Bit Axe |
| 15:05 | Construir | House |
| 15:19 | Investigar | Fletching |
| 15:19 | Investigar | Fletching |
| 15:22 | Crear | Villager (Male) |
| 15:26 | Construir | House |
| 15:39 | Construir | Archery Range |
| 15:43 | Construir | Archery Range |
| 15:49 | Construir | House |
| 16:10 | Construir | House |
| 16:11 | Construir | House |
| 16:18 | Investigar | Gold Mining |
| 16:18 | Investigar | Gold Mining |
| 16:28 | Crear | Villager (Male) |
| 16:33 | Construir | House |
| 16:35 | Construir | House |
| 16:37 | Construir | Palisade Wall |
| 17:10 | Crear | Villager (Male) |
| 17:10 | Edad | Edad de los Castillos |
| 17:14 | Crear | Cavalry Archer |
| 17:14 | Crear | Cavalry Archer |
| 17:15 | Investigar | Bow Saw |
| 17:15 | Crear | Villager (Male) |
| 17:22 | Construir | House |
| 17:23 | Construir | House |
| 17:26 | Construir | House |
| 17:28 | Crear | Cavalry Archer |
| 17:29 | Crear | Cavalry Archer |
| 17:42 | Construir | House |
| 17:47 | Crear | Villager (Male) |
| 17:50 | Crear | Cavalry Archer |
| 17:50 | Crear | Cavalry Archer |
| 18:03 | Investigar | Loom |
| 18:11 | Crear | Villager (Male) |
| 18:17 | Crear | Villager (Male) |
| 18:21 | Construir | Town Center |
| 18:33 | Crear | Cavalry Archer |
| 18:33 | Crear | Cavalry Archer |
| 18:33 | Crear | Cavalry Archer |
| 18:34 | Crear | Villager (Male) |
| 18:54 | Crear | Villager (Male) |
| 19:05 | Crear | Cavalry Archer |
| 19:05 | Crear | Villager (Male) |
| 19:14 | Crear | Cavalry Archer |
| 19:14 | Crear | Cavalry Archer |
| 19:19 | Crear | Villager (Male) |
| 19:33 | Crear | Villager (Male) |
| 19:46 | Investigar | Bodkin Arrow |
| 19:51 | Crear | Villager (Male) |
| 19:53 | Construir | University |
| 20:05 | Crear | Villager (Male) |
| 20:07 | Crear | Cavalry Archer |
| 20:07 | Crear | Cavalry Archer |
| 20:10 | Crear | Villager (Male) |
| 20:16 | Construir | Archery Range |
| 20:21 | Crear | Cavalry Archer |
| 20:21 | Crear | Cavalry Archer |
| 20:21 | Crear | Cavalry Archer |
| 20:34 | Crear | Villager (Male) |
| 20:34 | Crear | Villager (Male) |
| 20:49 | Construir | Farm |
| 20:52 | Crear | Cavalry Archer |
| 20:52 | Crear | Cavalry Archer |
| 20:52 | Crear | Cavalry Archer |
| 20:53 | Crear | Villager (Male) |
| 20:53 | Crear | Villager (Male) |
| 20:54 | Construir | Farm |
| 21:03 | Construir | Farm |
| 21:05 | Construir | Farm |
| 21:12 | Crear | Cavalry Archer |
| 21:12 | Crear | Cavalry Archer |
| 21:12 | Crear | Cavalry Archer |
| 21:14 | Crear | Villager (Male) |
| 21:14 | Crear | Villager (Male) |
| 21:28 | Construir | Farm |
| 21:36 | Investigar | Padded Archer Armor |
| 21:36 | Investigar | Padded Archer Armor |
| 21:46 | Crear | Villager (Male) |
| 21:51 | Crear | Cavalry Archer |
| 21:51 | Crear | Cavalry Archer |
| 21:52 | Crear | Cavalry Archer |
| 21:55 | Crear | Villager (Male) |
| 21:55 | Crear | Villager (Male) |
| 21:59 | Construir | Farm |
| 22:00 | Construir | Farm |
| 22:03 | Crear | Cavalry Archer |
| 22:03 | Crear | Cavalry Archer |
| 22:03 | Crear | Cavalry Archer |
| 22:05 | Crear | Villager (Male) |
| 22:05 | Crear | Villager (Male) |
Build order — [BÜN] Schmirgel
Primeras 150 de 669 acciones detectadas
| 0:27 | Construir | Town Center |
| 2:07 | Construir | House |
| 2:33 | Crear | Villager (Male) |
| 2:33 | Crear | Villager (Male) |
| 2:33 | Crear | Villager (Male) |
| 2:34 | Crear | Villager (Male) |
| 3:32 | Construir | House |
| 3:37 | Construir | House |
| 3:46 | Crear | Villager (Male) |
| 3:50 | Construir | House |
| 4:15 | Crear | Villager (Male) |
| 4:15 | Crear | Villager (Male) |
| 4:22 | Construir | House |
| 4:31 | Crear | Villager (Male) |
| 4:31 | Crear | Villager (Male) |
| 4:58 | Construir | House |
| 5:10 | Construir | Lumber Camp |
| 5:18 | Crear | Villager (Male) |
| 5:19 | Crear | Villager (Male) |
| 5:19 | Crear | Villager (Male) |
| 5:43 | Crear | Villager (Male) |
| 6:22 | Crear | Villager (Male) |
| 6:22 | Crear | Villager (Male) |
| 6:23 | Crear | Villager (Male) |
| 6:42 | Crear | Villager (Male) |
| 6:43 | Crear | Villager (Male) |
| 6:43 | Crear | Villager (Male) |
| 7:24 | Construir | Barracks |
| 7:31 | Crear | Villager (Male) |
| 7:31 | Crear | Villager (Male) |
| 7:32 | Crear | Villager (Male) |
| 7:32 | Crear | Villager (Male) |
| 7:32 | Crear | Villager (Male) |
| 7:42 | Crear | Villager (Male) |
| 7:42 | Crear | Villager (Male) |
| 8:18 | Construir | House |
| 8:19 | Construir | Palisade Wall |
| 8:25 | Investigar | Loom |
| 9:12 | Construir | Palisade Wall |
| 9:13 | Construir | Palisade Wall |
| 9:13 | Construir | Palisade Wall |
| 9:14 | Construir | Palisade Wall |
| 9:15 | Construir | Palisade Wall |
| 9:16 | Investigar | Feudal Age |
| 9:30 | Crear | Militia |
| 9:40 | Construir | Mill |
| 9:50 | Crear | Militia |
| 10:03 | Construir | Outpost |
| 10:06 | Crear | Militia |
| 10:26 | Crear | Militia |
| 10:34 | Construir | Outpost |
| 10:47 | Construir | Outpost |
| 10:53 | Construir | House |
| 10:59 | Crear | Militia |
| 11:02 | Crear | Villager (Male) |
| 11:17 | Construir | Outpost |
| 11:26 | Edad | Edad Feudal |
| 11:29 | Investigar | Man-at-Arms (upgrade) |
| 11:35 | Investigar | Double-Bit Axe |
| 11:56 | Crear | Villager (Male) |
| 11:56 | Crear | Villager (Male) |
| 12:00 | Construir | House |
| 12:07 | Investigar | Town Watch |
| 12:21 | Construir | Watch Tower |
| 12:26 | Crear | Militia |
| 12:27 | Crear | Militia |
| 12:30 | Crear | Villager (Male) |
| 13:00 | Crear | Villager (Male) |
| 13:11 | Crear | Villager (Male) |
| 13:15 | Construir | Palisade Wall |
| 13:26 | Crear | Villager (Male) |
| 13:32 | Construir | Palisade Wall |
| 13:54 | Construir | Blacksmith |
| 14:02 | Construir | Stone Wall |
| 14:02 | Construir | Stone Wall |
| 14:03 | Construir | Stone Wall |
| 14:03 | Construir | Stone Wall |
| 14:04 | Construir | Stone Wall |
| 14:04 | Construir | Stone Wall |
| 14:05 | Construir | Stone Wall |
| 14:10 | Crear | Villager (Male) |
| 14:15 | Construir | Palisade Wall |
| 14:18 | Construir | Palisade Wall |
| 14:25 | Crear | Villager (Male) |
| 14:44 | Investigar | Fletching |
| 15:16 | Crear | Villager (Male) |
| 15:24 | Crear | Villager (Male) |
| 15:34 | Construir | House |
| 15:37 | Construir | House |
| 15:46 | Construir | House |
| 16:00 | Crear | Villager (Male) |
| 16:04 | Investigar | Horse Collar |
| 16:15 | Construir | Lumber Camp |
| 16:22 | Construir | Mining Camp |
| 16:41 | Investigar | Scale Mail Armor |
| 16:42 | Crear | Villager (Male) |
| 16:55 | Investigar | Arson |
| 16:58 | Crear | Villager (Male) |
| 17:04 | Construir | Farm |
| 17:11 | Construir | Farm |
| 17:14 | Crear | Villager (Male) |
| 17:32 | Construir | Farm |
| 18:05 | Construir | Farm |
| 18:07 | Construir | Farm |
| 18:08 | Construir | Farm |
| 18:15 | Construir | Watch Tower |
| 18:26 | Construir | Farm |
| 18:36 | Crear | Villager (Male) |
| 19:06 | Construir | Farm |
| 19:07 | Crear | Villager (Male) |
| 19:07 | Crear | Villager (Male) |
| 19:08 | Construir | Farm |
| 19:25 | Construir | Farm |
| 19:27 | Construir | Farm |
| 19:43 | Crear | Villager (Male) |
| 20:02 | Construir | Mining Camp |
| 20:04 | Crear | Villager (Male) |
| 20:08 | Construir | Palisade Wall |
| 20:19 | Construir | Farm |
| 20:20 | Construir | Farm |
| 20:21 | Construir | Mill |
| 20:27 | Crear | Villager (Male) |
| 20:30 | Construir | Farm |
| 20:32 | Construir | Farm |
| 20:50 | Crear | Villager (Male) |
| 20:54 | Construir | Farm |
| 20:56 | Construir | Farm |
| 20:57 | Crear | Villager (Male) |
| 21:25 | Construir | House |
| 21:31 | Crear | Villager (Male) |
| 21:39 | Construir | Watch Tower |
| 21:46 | Crear | Villager (Male) |
| 21:51 | Crear | Villager (Male) |
| 21:55 | Construir | House |
| 21:58 | Construir | House |
| 22:01 | Construir | Stone Wall |
| 22:19 | Crear | Villager (Male) |
| 22:23 | Construir | Mining Camp |
| 22:30 | Crear | Villager (Male) |
| 22:36 | Construir | Stone Wall |
| 22:38 | Crear | Villager (Male) |
| 22:41 | Construir | Stone Wall |
| 22:49 | Investigar | Wheelbarrow |
| 22:53 | Construir | Palisade Gate |
| 22:55 | Crear | Villager (Male) |
| 23:12 | Construir | House |
| 23:13 | Construir | House |
| 23:25 | Construir | Market |
| 23:36 | Crear | Villager (Male) |
| 23:43 | Construir | Stone Wall |
Build order — [BÜN] Nehekbo
Primeras 150 de 697 acciones detectadas
| 0:04 | Construir | Town Center |
| 2:05 | Construir | House |
| 2:17 | Crear | Villager (Male) |
| 2:17 | Crear | Villager (Male) |
| 2:18 | Crear | Villager (Male) |
| 2:22 | Crear | Villager (Male) |
| 2:37 | Construir | House |
| 2:50 | Construir | House |
| 3:42 | Crear | Villager (Male) |
| 3:42 | Crear | Villager (Male) |
| 4:24 | Crear | Villager (Male) |
| 4:25 | Crear | Villager (Male) |
| 4:25 | Crear | Villager (Male) |
| 4:28 | Construir | Lumber Camp |
| 4:40 | Crear | Villager (Male) |
| 5:10 | Crear | Villager (Male) |
| 5:50 | Crear | Villager (Male) |
| 6:01 | Construir | House |
| 6:11 | Crear | Villager (Male) |
| 6:18 | Construir | House |
| 6:31 | Crear | Villager (Male) |
| 6:40 | Construir | Mill |
| 7:11 | Crear | Villager (Male) |
| 7:28 | Construir | House |
| 7:38 | Crear | Villager (Male) |
| 7:49 | Crear | Villager (Male) |
| 8:07 | Construir | House |
| 8:22 | Construir | Palisade Wall |
| 8:27 | Crear | Villager (Male) |
| 8:37 | Crear | Villager (Male) |
| 9:02 | Construir | Mill |
| 9:14 | Crear | Villager (Male) |
| 9:43 | Crear | Villager (Male) |
| 10:00 | Crear | Villager (Male) |
| 10:10 | Investigar | Loom |
| 10:11 | Investigar | Feudal Age |
| 12:18 | Crear | Villager (Male) |
| 12:19 | Crear | Villager (Male) |
| 12:37 | Crear | Villager (Male) |
| 12:55 | Edad | Edad Feudal |
| 12:57 | Construir | Market |
| 12:59 | Construir | Blacksmith |
| 13:02 | Construir | Mill |
| 13:15 | Investigar | Double-Bit Axe |
| 13:46 | Investigar | Castle Age |
| 13:46 | Investigar | Castle Age |
| 14:24 | Construir | Barracks |
| 14:56 | Crear | Villager (Male) |
| 15:17 | Construir | Stable |
| 15:23 | Construir | House |
| 15:35 | Investigar | Scale Barding Armor |
| 15:36 | Crear | Villager (Male) |
| 15:47 | Investigar | Horse Collar |
| 16:26 | Edad | Edad de los Castillos |
| 16:26 | Crear | Knight |
| 16:30 | Investigar | Bow Saw |
| 16:34 | Crear | Villager (Male) |
| 16:43 | Crear | Knight |
| 16:53 | Investigar | Chain Barding Armor |
| 16:56 | Crear | Villager (Male) |
| 17:07 | Crear | Villager (Male) |
| 17:11 | Construir | House |
| 17:21 | Construir | Town Center |
| 17:22 | Crear | Villager (Male) |
| 17:31 | Crear | Knight |
| 18:11 | Crear | Villager (Male) |
| 18:15 | Crear | Villager (Male) |
| 18:21 | Crear | Knight |
| 18:34 | Construir | Mining Camp |
| 18:38 | Crear | Villager (Male) |
| 18:58 | Crear | Villager (Male) |
| 19:12 | Construir | Town Center |
| 19:15 | Crear | Knight |
| 19:27 | Investigar | Forging |
| 19:32 | Crear | Villager (Male) |
| 19:35 | Crear | Villager (Male) |
| 19:35 | Crear | Villager (Male) |
| 19:55 | Construir | Mill |
| 20:04 | Crear | Villager (Male) |
| 20:12 | Construir | House |
| 20:13 | Construir | House |
| 20:13 | Construir | House |
| 20:13 | Construir | House |
| 20:18 | Investigar | Town Watch |
| 20:42 | Investigar | Bloodlines |
| 20:46 | Crear | Villager (Male) |
| 20:46 | Crear | Villager (Male) |
| 20:46 | Crear | Villager (Male) |
| 20:57 | Crear | Villager (Male) |
| 21:09 | Crear | Villager (Male) |
| 21:19 | Crear | Villager (Male) |
| 21:31 | Crear | Villager (Male) |
| 21:33 | Crear | Villager (Male) |
| 21:37 | Construir | Farm |
| 21:38 | Construir | Farm |
| 21:38 | Construir | Farm |
| 21:45 | Construir | House |
| 21:50 | Crear | Knight |
| 21:51 | Crear | Villager (Male) |
| 21:55 | Crear | Villager (Male) |
| 21:55 | Crear | Villager (Male) |
| 22:07 | Investigar | Husbandry |
| 22:07 | Investigar | Husbandry |
| 22:22 | Crear | Villager (Male) |
| 22:23 | Crear | Villager (Male) |
| 22:32 | Crear | Villager (Male) |
| 22:41 | Crear | Knight |
| 22:44 | Construir | House |
| 22:45 | Crear | Villager (Male) |
| 22:51 | Construir | Farm |
| 22:52 | Construir | Farm |
| 22:52 | Construir | Farm |
| 22:52 | Construir | Farm |
| 22:58 | Crear | Villager (Male) |
| 23:04 | Crear | Villager (Male) |
| 23:11 | Crear | Villager (Male) |
| 23:16 | Construir | Stable |
| 23:18 | Crear | Knight |
| 23:30 | Crear | Villager (Male) |
| 23:30 | Crear | Villager (Male) |
| 23:31 | Crear | Villager (Male) |
| 23:40 | Construir | Farm |
| 23:41 | Construir | Farm |
| 23:41 | Construir | Farm |
| 23:41 | Construir | Farm |
| 23:42 | Construir | Farm |
| 23:42 | Construir | Farm |
| 23:42 | Construir | Farm |
| 23:43 | Construir | Farm |
| 23:44 | Crear | Villager (Male) |
| 23:48 | Crear | Villager (Male) |
| 23:48 | Crear | Villager (Male) |
| 23:54 | Crear | Knight |
| 23:55 | Crear | Villager (Male) |
| 23:55 | Crear | Villager (Male) |
| 24:10 | Construir | House |
| 24:11 | Construir | House |
| 24:12 | Crear | Villager (Male) |
| 24:13 | Crear | Villager (Male) |
| 24:25 | Construir | Mill |
| 24:27 | Crear | Knight |
| 24:27 | Crear | Knight |
| 24:28 | Crear | Villager (Male) |
| 24:33 | Crear | Villager (Male) |
| 24:38 | Construir | Farm |
| 24:40 | Construir | House |
| 24:41 | Construir | House |
| 24:41 | Construir | House |
| 24:41 | Construir | House |
| 24:43 | Crear | Villager (Male) |
Build order — Agressive
Primeras 150 de 905 acciones detectadas
| 0:30 | Construir | Town Center |
| 2:27 | Construir | House |
| 2:39 | Crear | Villager (Male) |
| 2:39 | Crear | Villager (Male) |
| 2:40 | Crear | Villager (Male) |
| 2:40 | Crear | Villager (Male) |
| 2:40 | Crear | Villager (Male) |
| 3:45 | Investigar | Loom |
| 4:00 | Crear | Villager (Male) |
| 4:00 | Crear | Villager (Male) |
| 4:10 | Crear | Villager (Male) |
| 4:46 | Crear | Villager (Male) |
| 4:46 | Crear | Villager (Male) |
| 4:47 | Crear | Villager (Male) |
| 5:13 | Construir | House |
| 5:22 | Construir | Lumber Camp |
| 5:37 | Crear | Villager (Male) |
| 5:38 | Crear | Villager (Male) |
| 5:38 | Crear | Villager (Male) |
| 5:46 | Construir | House |
| 6:02 | Crear | Villager (Male) |
| 6:11 | Crear | Villager (Male) |
| 7:09 | Crear | Villager (Male) |
| 7:10 | Crear | Villager (Male) |
| 7:10 | Crear | Villager (Male) |
| 7:10 | Crear | Villager (Male) |
| 7:17 | Construir | House |
| 7:46 | Construir | Mining Camp |
| 8:45 | Construir | House |
| 8:52 | Crear | Villager (Male) |
| 9:00 | Construir | Palisade Wall |
| 9:02 | Construir | House |
| 9:30 | Investigar | Feudal Age |
| 9:30 | Investigar | Feudal Age |
| 10:17 | Construir | Barracks |
| 10:31 | Construir | House |
| 11:04 | Construir | House |
| 11:19 | Crear | Villager (Male) |
| 11:40 | Edad | Edad Feudal |
| 11:42 | Construir | Archery Range |
| 11:47 | Construir | Palisade Wall |
| 11:50 | Construir | Palisade Wall |
| 11:55 | Crear | Villager (Male) |
| 12:03 | Construir | Archery Range |
| 12:09 | Crear | Villager (Male) |
| 12:22 | Crear | Archer |
| 12:34 | Construir | Blacksmith |
| 12:36 | Construir | Palisade Wall |
| 12:37 | Construir | Palisade Wall |
| 12:45 | Construir | House |
| 12:57 | Crear | Archer |
| 12:58 | Crear | Archer |
| 13:05 | Construir | Palisade Wall |
| 13:08 | Crear | Archer |
| 13:13 | Construir | House |
| 13:14 | Crear | Villager (Male) |
| 13:31 | Construir | House |
| 13:42 | Crear | Villager (Male) |
| 13:50 | Crear | Villager (Male) |
| 13:57 | Construir | House |
| 14:14 | Crear | Villager (Male) |
| 14:14 | Crear | Villager (Male) |
| 14:14 | Crear | Villager (Male) |
| 14:26 | Construir | House |
| 14:43 | Crear | Villager (Male) |
| 14:55 | Crear | Villager (Male) |
| 15:04 | Crear | Villager (Male) |
| 15:10 | Construir | Palisade Wall |
| 15:15 | Crear | Archer |
| 15:15 | Crear | Archer |
| 15:20 | Crear | Villager (Male) |
| 15:20 | Crear | Villager (Male) |
| 15:35 | Investigar | Fletching |
| 15:35 | Investigar | Fletching |
| 15:37 | Crear | Villager (Male) |
| 15:38 | Crear | Villager (Male) |
| 15:44 | Crear | Villager (Male) |
| 15:58 | Crear | Archer |
| 16:05 | Crear | Villager (Male) |
| 16:15 | Construir | Mining Camp |
| 16:26 | Construir | Watch Tower |
| 16:31 | Crear | Villager (Male) |
| 16:38 | Crear | Villager (Male) |
| 16:38 | Crear | Villager (Male) |
| 16:56 | Crear | Villager (Male) |
| 16:56 | Crear | Villager (Male) |
| 16:57 | Crear | Villager (Male) |
| 17:28 | Crear | Villager (Male) |
| 17:35 | Crear | Villager (Male) |
| 17:36 | Crear | Villager (Male) |
| 17:43 | Construir | Mining Camp |
| 17:50 | Investigar | Double-Bit Axe |
| 17:51 | Crear | Villager (Male) |
| 17:57 | Crear | Archer |
| 18:18 | Construir | Mill |
| 18:21 | Crear | Villager (Male) |
| 18:27 | Crear | Archer |
| 18:27 | Crear | Archer |
| 18:59 | Investigar | Town Watch |
| 19:01 | Construir | House |
| 19:25 | Construir | House |
| 19:28 | Crear | Villager (Male) |
| 19:35 | Crear | Villager (Male) |
| 19:48 | Crear | Villager (Male) |
| 20:04 | Crear | Villager (Male) |
| 20:08 | Construir | Watch Tower |
| 20:20 | Construir | House |
| 20:43 | Crear | Villager (Male) |
| 20:45 | Construir | Market |
| 21:03 | Construir | House |
| 21:12 | Construir | Watch Tower |
| 21:28 | Construir | House |
| 21:39 | Construir | Farm |
| 21:40 | Construir | Farm |
| 21:57 | Crear | Villager (Male) |
| 22:34 | Construir | Farm |
| 22:38 | Construir | Archery Range |
| 22:41 | Investigar | Castle Age |
| 23:18 | Crear | Archer |
| 23:19 | Crear | Archer |
| 23:20 | Construir | House |
| 23:41 | Crear | Archer |
| 23:47 | Construir | House |
| 23:48 | Construir | House |
| 24:12 | Construir | Archery Range |
| 24:26 | Crear | Archer |
| 24:55 | Crear | Villager (Male) |
| 25:21 | Edad | Edad de los Castillos |
| 25:26 | Investigar | Crossbowman (upgrade) |
| 25:26 | Crear | Villager (Male) |
| 25:36 | Construir | Monastery |
| 25:36 | Crear | Villager (Male) |
| 25:42 | Construir | Town Center |
| 26:03 | Crear | Monk |
| 26:04 | Crear | Villager (Male) |
| 26:14 | Crear | Villager (Male) |
| 26:18 | Construir | Castle |
| 26:30 | Crear | Villager (Male) |
| 26:40 | Crear | Villager (Male) |
| 26:53 | Crear | Villager (Male) |
| 27:12 | Construir | Farm |
| 27:17 | Crear | Archer |
| 27:17 | Crear | Archer |
| 27:18 | Crear | Archer |
| 27:24 | Crear | Villager (Male) |
| 27:31 | Construir | Town Center |
| 27:37 | Crear | Villager (Male) |
| 27:45 | Construir | Farm |
| 27:46 | Construir | Farm |
| 28:10 | Construir | Farm |
Cronología de la partida
| 7:24 | [BÜN] Schmirgel · first_building Barracks |
| 8:19 | [BÜN] Schmirgel · wall_segment Palisade Wall x1 |
| 8:22 | [BÜN] Nehekbo · wall_segment Palisade Wall x1 |
| 9:00 | Agressive · wall_segment Palisade Wall x1 |
| 9:12 | [BÜN] Schmirgel · wall_segment Palisade Wall x1 |
| 9:13 | [BÜN] Schmirgel · wall_segment Palisade Wall x1 |
| 9:13 | [BÜN] Schmirgel · wall_segment Palisade Wall x1 |
| 9:14 | [BÜN] Schmirgel · wall_segment Palisade Wall x1 |
| 9:15 | [BÜN] Schmirgel · wall_segment Palisade Wall x1 |
| 10:17 | Agressive · first_building Barracks |
| 11:26 | [BÜN] Schmirgel · age_up feudal |
| 11:40 | Agressive · age_up feudal |
| 11:42 | Agressive · first_building Archery Range |
| 11:47 | Agressive · wall_segment Palisade Wall x1 |
| 11:50 | Agressive · wall_segment Palisade Wall x1 |
| 12:30 | FOFOCA · first_building Barracks |
| 12:36 | Agressive · wall_segment Palisade Wall x1 |
| 12:37 | Agressive · wall_segment Palisade Wall x1 |
| 12:55 | [BÜN] Nehekbo · age_up feudal |
| 13:05 | Agressive · wall_segment Palisade Wall x1 |
| 13:15 | [BÜN] Schmirgel · wall_segment Palisade Wall x1 |
| 13:32 | [BÜN] Schmirgel · wall_segment Palisade Wall x1 |
| 13:33 | FOFOCA · age_up feudal |
| 13:40 | FOFOCA · first_building Archery Range |
| 14:02 | [BÜN] Schmirgel · wall_segment Stone Wall x1 |
| 14:02 | [BÜN] Schmirgel · wall_segment Stone Wall x1 |
| 14:03 | [BÜN] Schmirgel · wall_segment Stone Wall x1 |
| 14:03 | [BÜN] Schmirgel · wall_segment Stone Wall x1 |
| 14:04 | [BÜN] Schmirgel · wall_segment Stone Wall x1 |
| 14:04 | [BÜN] Schmirgel · wall_segment Stone Wall x1 |
| 14:05 | [BÜN] Schmirgel · wall_segment Stone Wall x1 |
| 14:15 | [BÜN] Schmirgel · wall_segment Palisade Wall x5 |
| 14:18 | [BÜN] Schmirgel · wall_segment Palisade Wall x7 |
| 14:24 | [BÜN] Nehekbo · first_building Barracks |
| 15:10 | Agressive · wall_segment Palisade Wall x1 |
| 15:17 | [BÜN] Nehekbo · first_building Stable |
| 16:26 | [BÜN] Nehekbo · age_up castle |
| 16:37 | FOFOCA · wall_segment Palisade Wall x1 |
| 17:10 | FOFOCA · age_up castle |
| 19:32 | [BÜN] Nehekbo · first_market_buy 100 food |
| 20:08 | [BÜN] Schmirgel · wall_segment Palisade Wall x1 |
| 21:43 | Agressive · first_market_sell 100 wood |
| 21:47 | Agressive · first_market_buy 100 food |
| 22:01 | [BÜN] Schmirgel · wall_segment Stone Wall x1 |
| 22:04 | [BÜN] Nehekbo · first_market_sell 100 wood |
| 22:25 | FOFOCA · first_building Stable |
| 22:36 | [BÜN] Schmirgel · wall_segment Stone Wall x1 |
| 22:41 | [BÜN] Schmirgel · wall_segment Stone Wall x1 |
| 23:43 | [BÜN] Schmirgel · wall_segment Stone Wall x1 |
| 25:08 | [BÜN] Schmirgel · wall_segment Stone Wall x1 |
| 25:21 | Agressive · age_up castle |
| 25:36 | Agressive · first_building Monastery |
| 26:18 | Agressive · first_building Castle |
| 27:37 | [BÜN] Schmirgel · age_up castle |
| 29:05 | [BÜN] Schmirgel · first_building Siege Workshop |
| 30:41 | [BÜN] Nehekbo · first_building Siege Workshop |
| 32:31 | [BÜN] Schmirgel · first_market_sell 100 food |
| 32:58 | [BÜN] Nehekbo · first_building Krepost |
| 33:18 | [BÜN] Nehekbo · first_building Monastery |
| 34:02 | FOFOCA · first_building Castle |
| 35:28 | FOFOCA · first_market_sell 100 wood |
| 35:34 | [BÜN] Nehekbo · first_building Castle |
| 35:41 | [BÜN] Schmirgel · first_building Castle |
| 36:13 | FOFOCA · first_market_buy 100 wood |
| 36:30 | Agressive · age_up imperial |
| 36:52 | [BÜN] Nehekbo · age_up imperial |
| 37:35 | Agressive · first_building Siege Workshop |
| 38:57 | FOFOCA · age_up imperial |
| 38:58 | [BÜN] Schmirgel · first_building Archery Range |
| 39:08 | [BÜN] Schmirgel · age_up imperial |
| 40:54 | [BÜN] Schmirgel · first_market_buy 100 wood |
| 41:39 | FOFOCA · first_building Siege Workshop |
| 43:43 | [BÜN] Nehekbo · wall_segment Stone Wall x23 |
| 44:36 | [BÜN] Nehekbo · wall_segment Stone Wall x37 |
| 44:49 | [BÜN] Nehekbo · wall_segment Stone Wall x23 |
| 49:48 | FOFOCA · tribute_sent a jugador 1 |
| 49:48 | FOFOCA · tribute_sent a jugador 3 |
| 49:48 | FOFOCA · tribute_sent a jugador 4 |
| 58:13 | [BÜN] Nehekbo · tribute_sent a jugador 1 |
| 58:13 | [BÜN] Nehekbo · tribute_sent a jugador 2 |
| 58:13 | [BÜN] Nehekbo · tribute_sent a jugador 4 |
| 58:16 | FOFOCA · tribute_sent a jugador 1 |
| 58:16 | FOFOCA · tribute_sent a jugador 3 |
| 58:16 | FOFOCA · tribute_sent a jugador 4 |
| 58:19 | [BÜN] Schmirgel · first_building Stable |
| 62:54 | [BÜN] Nehekbo · tribute_sent a jugador 1 |
| 62:54 | [BÜN] Nehekbo · tribute_sent a jugador 2 |
| 62:54 | [BÜN] Nehekbo · tribute_sent a jugador 4 |
| 63:31 | [BÜN] Schmirgel · first_building Monastery |
| 64:26 | FOFOCA · resign |
[ ANÁLISIS IA · 1 CRÉDITO ]
¿Qué pasó realmente en esta partida?
Wolo.gg analiza cada decisión: build order, eco, micro, errores típicos por bracket. Análisis personalizado por WhatsApp o Discord en 30 segundos.
Guía civ
Wu
Perfil
Jugador #17300339